 Dungeon Crawl Stone Soup version 0.23.1-37-gaa34b87 (webtiles) character file.

Game seed: 11819507726746504553

4744 Borgoz the Ducker (level 10, -6/81 HPs)
             Began as a Ghoul Enchanter on Mar 22, 2019.
             Was a Follower of Ashenzari.
             Mangled by an orc warrior
             ... wielding a +0 trident
              (13 damage)
             ... on level 8 of the Dungeon.
             The game lasted 00:17:57 (8235 turns).

Borgoz the Ducker (Ghoul Enchanter)                 Turns: 8235, Time: 00:17:58

Health: -6/81      AC: 11    Str: 13    XL:     10   Next: 46%
Magic:  8/15       EV: 13    Int: 10    God:    Ashenzari [*.....]
Gold:   136        SH:  0    Dex: 12    Spells: 8/17 levels left

rFire    . . .     SeeInvis .   b - +4 rapier (elec)
rCold    + . .     Gourm    .   (no shield)
rNeg     + + +     Faith    .   g - +0 ring mail
rPois    ∞         Spirit   .   k - +2 helmet
rElec    .         Reflect  .   K - scarf {cloud immunity}
rCorr    .         Harm     .   (no gloves)
MR       +....                  f - +1 pair of boots (curse)
Stlth    ++........             (no amulet)
HPRegen  0.00/turn              v - ring of protection from magic
MPRegen  0.14/turn              (no ring)

@: rotting
A: rotting body, claws 1, carnivore, cold resistance 1, negative energy
resistance 3, inhibited regeneration, torment resistance, unbreathing
a: Curse Item, Scrying, Renounce Religion


You were on level 8 of the Dungeon.
You worshipped Ashenzari.
Ashenzari was aware of your devotion.
You were not hungry.

You visited 3 branches of the dungeon, and saw 12 of its levels.
You also visited: Sewer.

You collected 508 gold pieces.
You spent 372 gold pieces at shops.

Inventory:

Hand Weapons
 a - a +2 dagger of venom
 b - a +4 rapier of electrocution (weapon)
 A - a +0 blowgun
Missiles
 t - 23 poisoned needles
Armour
 f - a cursed +1 pair of boots (worn)
 g - a +0 ring mail (worn)
 k - a +2 helmet (worn)
 K - a scarf of cloud immunity (worn)
Jewellery
 v - a ring of protection from magic (left claw)
Wands
 p - a wand of digging (4)
 x - a wand of flame (9)
 y - a wand of paralysis (7)
Scrolls
 e - 5 scrolls of teleportation
 i - 3 scrolls of amnesia
 l - 6 scrolls of remove curse
 n - a scroll of blinking
 o - 2 scrolls of vulnerability
 q - a scroll of torment
 H - a scroll of magic mapping
Potions
 c - 2 potions of magic
 h - 5 potions of flight
 j - a potion of might
 m - 2 potions of brilliance
 r - 9 potions of curing
 u - 5 potions of heal wounds
 w - 3 potions of agility
 L - a potion of invisibility
Comestibles
 d - 20 rations
 I - 2 chunks of flesh


   Skills:
 + Level 5.0 Fighting
 * Level 6.1 Short Blades
 * Level 6.0 Armour
 * Level 6.3 Dodging
 + Level 6.0 Stealth
 + Level 4.0 Spellcasting
 + Level 1.0 Conjurations
 * Level 4.5 Hexes
 - Level 1.6 Ice Magic
 - Level 1.0 Air Magic
 - Level 1.2 Poison Magic


You had 8 spell levels left.
You knew the following spells:

 Your Spells              Type           Power        Failure   Level  Hunger
a - Corona                Hex            ##.....      8%          1    #......
b - Ensorcelled Hibernat  Hex/Ice        #.....       22%         2    ##.....
c - Confuse               Hex            ##......     24%         3    ###....
d - Mephitic Cloud        Conj/Pois/Air  #.......     67%         3    ###....

Your spell library contained the following spells:

 Spells                   Type           Power        Failure   Level  Hunger
 Tukima's Dance           Hex            ##......     24%         3    ###....
 Flame Tongue             Conj/Fire      #....        38%         1    #......
 Poisonous Vapours        Pois/Air       #.....       43%         2    ##.....
 Dazzling Spray           Conj/Hex       #.....       43%         3    ###....
 Throw Flame              Conj/Fire      #.....       52%         2    ##.....
 Inner Flame              Hex/Fire       #.......     52%         3    ###....
 Conjure Flame            Conj/Fire      #.......     77%         3    ###....
 Sticky Flame             Conj/Fire      #.......     99%         4    #####..
 Fireball                 Conj/Fire      #.........   100%        5    ######.
 Freezing Cloud           Conj/Ice/Air   #.........   100%        6    #######
 Ring of Flames           Chrm/Fire      #.........   100%        7    #######


Dungeon Overview and Level Annotations

Branches:
Dungeon (10/15)            Temple (1/1) D:5            Lair (1/6) D:9
    Orc: D:9-12

Altars:
Ashenzari
Cheibriados
Dithmenos
Elyvilon
Fedhas
Gozag
Hepliaklqana
Kikubaaqudgha
Makhleb
Nemelex Xobeh
Okawaru
Qazlal
Ru
Sif Muna
Trog
Uskayaw
Vehumet
Wu Jian
Xom
Yredelemnul
Zin
The Shining One

Shops:
D:5 [(}   D:6 (

Annotations:
D:10 Grum


Innate Abilities, Weirdness & Mutations

Your body is rotting away.
You thrive on raw meat.
You are immune to poison.
You have sharp fingernails.
You are carnivorous and can eat meat at any time.
Your flesh is cold resistant. (rC+)
You are immune to negative energy. (rN+++)
You do not regenerate when monsters are visible.
You are immune to unholy pain and torment.
You can survive without breathing.


Message History

Press: ? - help, Shift-Dir - straight line, f - yak
Aim: a yak (chance to defeat MR: 39%)
The yak resists with some effort.
The yak gores you but does no damage. The orc warrior closely misses you.
Casting: Ensorcelled Hibernation (safe; 22% risk of failure)
Confirm with . or Enter, or press ? or * to list all spells.
Aiming: Ensorcelled Hibernation (safe; 22% risk of failure)
Press: ? - help, Shift-Dir - straight line, f/p - yak
Aim: a yak (chance to defeat MR: 39%)
The yak looks drowsy...
The helpless yak fails to defend itself.
You spit the yak like a pig!!!
You kill the yak!
Your Armour skill increases to level 6!
Your Stealth skill increases to level 6!
Your Conjurations skill increases to level 1!
The orc warrior hits you from afar with a +0 trident!
* * * LOW HITPOINT WARNING * * *
The orc warrior hits you with a +0 trident!
You die...

#....##...#..###.......#
......#.)..#..........##
##...)#.....##........#
##....#...#.##.#......# #####
###.................>.###...#
.##.....................#...#
..#...#............o..#.#...#
..###.#.........o###........#
....#.##..#...##@###(.#.....#
...#####......##...##..##...#
#...## #...#..####.######...#
.....###...#...###.#### #...#
......##...#..........# #...#
..........))..........# #...#
...........##.........# #####
.....####..###........#
......# #))..#........#


You could see an orc warrior.

Vanquished Creatures
  Pikel (D:5)
  An efreet (D:8)
  A komodo dragon (Lair:1)
  Grinder (D:5)
  Sigmund (D:5)
  A spriggan (D:7)
  3 yaks
  A porcupine (Lair:1)
  2 water moccasins
  A slave (D:5)
  A sky beast (D:7)
  A necrophage (D:9)
  3 ogres
  A centaur (D:7)
  A big kobold (Sewer)
  4 bullfrogs
  A scorpion (D:8)
  2 howler monkeys
  2 crimson imps
  2 bullfrog zombies (D:7)
  An orc priest (D:8)
  3 hounds
  A gnoll shaman (D:7)
  3 jellies
  2 iguanas
  14 orc wizards
  7 worker ants
  A killer bee zombie (D:8)
  A howler monkey zombie (D:7)
  11 gnolls
  8 river rats
  11 adders
  4 shadow imps
  An ooze (D:5)
  3 adder skeletons
  2 adder zombies
  5 worms
  A leopard gecko (D:3)
  27 orcs
  7 ball pythons
  9 bats
  6 giant cockroaches
  10 goblins
  12 hobgoblins
  15 jackals
  4 quokkas
  5 frilled lizards
  26 kobolds
  24 rats
255 creatures vanquished.

Vanquished Creatures (others)
  A quasit (D:8)
  A bullfrog skeleton (D:5)
2 creatures vanquished.

Grand Total: 257 creatures vanquished

Notes
Turn   | Place    | Note
-------+----------+-------------------------------------------
     0 | D:1      | Borgoz the Ghoul Enchanter began the quest for the Orb.
     0 | D:1      | Reached XP level 1. HP: 14/14 MP: 2/2
    98 | D:1      | Reached skill level 1 in Short Blades
   133 | D:1      | Reached XP level 2. HP: 18/20 MP: 3/3
   421 | D:1      | Reached skill level 1 in Armour
   445 | D:1      | Reached XP level 3. HP: 27/27 MP: 4/4
   835 | D:2      | Reached skill level 1 in Fighting
  1060 | D:2      | Reached XP level 4. HP: 35/35 MP: 5/5
  1406 | D:2      | Found an opulent altar of Gozag.
  1770 | D:3      | Reached XP level 5. HP: 31/40 MP: 6/6
  1992 | D:3      | Found a shimmering altar of Xom.
  1994 | D:3      | Found a shimmering altar of Xom.
  1994 | D:3      | Found a shimmering altar of Xom.
  1994 | D:3      | Found a shimmering altar of Xom.
  1995 | D:3      | Found a shimmering altar of Xom.
  2342 | D:3      | Found a blossoming altar of Fedhas.
  2468 | D:4      | Found a glowing drain.
  2510 | Sewer    | Entered a sewer
  2556 | Sewer    | Noticed a big kobold
  2564 | Sewer    | Killed a big kobold
  2564 | Sewer    | Reached XP level 6. HP: 42/48 MP: 7/7
  2923 | Sewer    | Learned a level 2 spell: Ensorcelled Hibernation
  2927 | Sewer    | Learned a level 3 spell: Confuse
  3226 | D:4      | Found a white marble altar of Elyvilon.
  4217 | D:5      | Entered Level 5 of the Dungeon
  4250 | D:5      | Noticed Sigmund
  4262 | D:5      | Killed Sigmund
  4262 | D:5      | Reached XP level 7. HP: 56/56 MP: 9/9
  4288 | D:5      | Found a staircase to the Ecumenical Temple.
  4297 | Temple   | Entered the Ecumenical Temple
  4554 | Temple   | Became a worshipper of Ashenzari the Shackled
  4602 | D:5      | Noticed Grinder
  4620 | D:5      | Killed Grinder
  4730 | D:5      | Found Heiclych's Antique Weapon Shop.
  4739 | D:5      | Bought a glowing dagger for 130 gold pieces
  4751 | D:5      | Found Uroiz's Antique Armour Shop.
  4781 | D:5      | Noticed Pikel
  4810 | D:5      | Killed Pikel
  4810 | D:5      | Reached XP level 8. HP: 30/63 MP: 9/11
  5058 | D:5      | Found Xunwum's Gadget Emporium.
  5655 | D:6      | Reached skill level 5 in Dodging
  5891 | D:6      | Reached XP level 9. HP: 14/71 MP: 12/12
  6010 | D:6      | Reached skill level 5 in Stealth
  6186 | D:6      | Found Tuygynto's Weapon Shop.
  6448 | D:6      | Bought a +2 rapier of electrocution for 242 gold pieces
  6523 | D:7      | Reached skill level 5 in Short Blades
  6895 | D:7      | Reached skill level 5 in Armour
  7351 | D:8      | Reached * piety under Ashenzari
  7519 | D:8      | Noticed an efreet
  7543 | D:8      | Killed an efreet
  7606 | D:8      | Learned a level 3 spell: Mephitic Cloud
  7635 | D:8      | Reached XP level 10. HP: 55/80 MP: 14/14
  7828 | D:9      | Found a staircase to the Lair.
  7864 | Lair:1   | Entered Level 1 of the Lair of Beasts
  7878 | Lair:1   | Reached skill level 1 in Ice Magic
  8039 | D:9      | Reached skill level 1 in Poison Magic
  8082 | D:10     | Entered Level 10 of the Dungeon
  8082 | D:10     | Noticed Grum
  8136 | D:8      | Reached skill level 5 in Fighting
  8136 | D:8      | Reached skill level 1 in Air Magic
  8223 | D:8      | HP: 3/80 [orc warrior/+0 trident (11)]
  8234 | D:8      | Reached skill level 1 in Conjurations
  8235 | D:8      | Mangled by an orc warrior

Skill      XL: |  1  2  3  4  5  6  7  8  9 10 |
---------------+-------------------------------+-----
Short Blades   | 1 2 3 4 5 6 |  6.1
Dodging        | 2 3 4 5 6 |  6.3
Armour         | 1 2 3 4 5 6 |  6.0
Fighting       | 1 2 3 4 5 |  5.0
Spellcasting   | 2 3 4 |  4.0
Stealth        | 4 5 6 |  6.0
Hexes          | 3 4 |  4.5
Ice Magic      | 1 |  1.6
Poison Magic   | 1 |  1.2
Air Magic      | 1 |  1.0
Conjurations   | 1 |  1.0

Action                   |  1- 3 |  4- 6 |  7- 9 | 10-12 || total
-------------------------+-------+-------+-------+-------++-------
Melee: Dagger            |   106 |   308 |   306 |       ||   720
       Short sword       |    20 |       |       |       ||    20
       Rapier            |       |       |   112 |    98 ||   210
Throw: Tomahawk          |       |       |     1 |       ||     1
 Cast: Ensorcelled Hiber |       |       |       |     4 ||     4
  Use: Scroll            |       |    12 |     8 |     3 ||    23
       Potion            |       |       |     4 |     2 ||     6
 Stab: Sleeping          |     3 |    11 |     4 |     2 ||    20
  Eat: Chunk             |     8 |    18 |    35 |    17 ||    78
Armor: Ring mail         |    50 |   107 |   179 |    40 ||   376
Dodge: Dodged            |    74 |   212 |   265 |    73 ||   624
